 Dungeon Sprint DCSS version 0.22-a0-283-g1871b15 (webtiles) character file.

6294 Kidiri the Eclecticist (level 10, -9/67 HPs)
             Began as a Deep Elf Fire Elementalist on Mar 18, 2018.
             Was the Champion of Vehumet.
             Killed from afar by a lindwurm (44 damage)
             ... with a blast of flame
             ... in the Dungeon (Sprint III: "The Ten Rune Challenge").
             The game lasted 00:10:54 (1953 turns).

Kidiri the Eclecticist (Deep Elf Fire Elementalist) Turns: 1953, Time: 00:10:55

Health: -9/67      AC:  2    Str:  5    XL:     10   Next: 63%
Magic:  25/32      EV: 19    Int: 24    God:    Vehumet [******]
Gold:   33         SH:  0    Dex: 15    Spells: 14/41 levels left

rFire    . . .     SeeInvis .   e - +2 long sword (holy)
rCold    . . .     Gourm    .   (no shield)
rNeg     . . .     Faith    .   a - +0 robe
rPois    .         Spirit   .   (no helmet)
rElec    .         Reflect  .   (no cloak)
rCorr    .         Harm     .   (no gloves)
MR       +....     Rnd*Rage +   (no boots) Stlth ++........NoTele +
                                (no amulet)
HPRegen  0.21/turn              (no ring)
MPRegen  0.23/turn              (no ring)

@: no status effects
A: hooves 1, berserk 1, robust 1
a: Renounce Religion


You were in the Dungeon.
You worshipped Vehumet.
Vehumet was exalted by your worship.
You were not hungry.

You visited 1 branch You collected 33 gold pieces.

Inventory:

Hand Weapons
 e - a +2 long sword of holy wrath (weapon)
 k - a +0 dagger
Missiles
 n - 7 throwing nets (quivered)
Armour
 a - a +0 robe (worn)
Wands
 r - a wand of flame (35)
Scrolls
 i - a scroll of blinking
 j - a scroll of holy word
 l - 3 scrolls of remove curse
 o - a scroll of torment {unknown}
 p - a scroll of fear {unknown}
Potions
 b - a potion of heal wounds
 d - a potion of curing
 f - a potion of haste
 g - 4 potions of magic
 h - 2 potions of berserk rage
 m - a potion of flight
 q - a potion of might
Comestibles
 c - 13 rations
 s - 7 chunks of flesh


   Skills:
 + Level 6.4 Fighting
 + Level 7.8 Short Blades
 + Level 6.4 Armour
 + Level 9.7 Dodging
 - Level 2.4 Stealth
 * Level 16.2 Spellcasting
 + Level 10.1 Conjurations
 + Level 10.6 Fire Magic
 + Level 6.1 Ice Magic
 + Level 5.3 Air Magic
 + Level 5.8 Poison Magic


You had 14 spell levels left.
You knew the following spells:

 Your Spells              Type           Power        Failure   Level  Hunger
a - Flame Tongue          Conj/Fire      #####        1%          1    None
b - Throw Flame           Conj/Fire      ######       1%          2    None
c - Conjure Flame         Conj/Fire      ######..     1%          3    None
d - Inner Flame           Hex/Fire       #####...     1%          3    None
e - Sticky Flame          Conj/Fire      ######..     1%          4    None
f - Fireball              Conj/Fire      ######....   1%          5    #......
g - Throw Frost           Conj/Ice       ######       1%          2    None
h - Mephitic Cloud        Conj/Pois/Air  ######..     1%          3    None
i - Olgreb's Toxic Radia  Pois           #####...     1%          4    None


Dungeon Overview and Level Annotations

Branches:
Dungeon (1/1)

Altars:
Cheibriados
Dithmenos
Elyvilon
Fedhas
Gozag
Hepliaklqana
Kikubaaqudgha
Makhleb
Nemelex Xobeh
Okawaru
Qazlal
Ru
Sif Muna
Trog
Uskayaw
Vehumet
Wu Jian
Xom
Yredelemnul
Zin
The Shining One
Beogh
Jiyva
Lugonu

Annotations:
D exclusion: 2 doors


Innate Abilities, Weirdness & Mutations

You have large cloven feet.
You tend to lose your temper in combat.
You are robust. (+10% HP)


Message History

The lindwurm is covered in liquid flames!
The lindwurm burns!
The lindwurm breathes flames at you. The blast of flame misses you.
Unknown command.
Casting: Sticky Flame (safe; 1% risk of failure)
Confirm with . or Enter, or press ? or * to list all spells.
You begin to radiate toxic energy.
The redback is poisoned.
The lindwurm is poisoned.
The lindwurm burns!
The lindwurm bites you! The lindwurm barely misses you. x2
Unknown command.
The lindwurm looks even sicker.
The lindwurm burns!
Unknown command.
The lindwurm looks even sicker.
Your toxic aura wanes.
The lindwurm burns!
The lindwurm breathes flames at you. The blast of flame hits you!
Ouch! That really hurt!
You die...

#.÷♣♣♣♣♣♣♣♣♣♣♣♣♣♣♣♣PP#
#..♣♣ ♣♣♣# ###'♣ ♣♣
♣♣♣♣.##. ♣...##.
♣♣.##s# ♣..#k##
♣♣.##.# ♣♣.##@#
♣.....# #######


You could see a lindwurm (burning) and a redback.

Vanquished Creatures
  Erolcha (D)
  A deep elf mage (D)
  2 spiny frogs (D)
  A komodo dragon (D)
  3 wandering mushrooms (D)
  A queen bee (D)
  2 tyrant leeches (D)
  3 redbacks (D)
  A shadow (D)
  A spatial vortex (D)
  A necrophage (D)
  5 two-headed ogres (D)
  A water elemental (D)
  32 killer bees (D)
  A jelly (D)
  A wizard (D)
  A necromancer (D)
  3 humans (D)
  A kobold demonologist (D)
  A wolf (D)
  An ooze (D)
  3 rats (D)
67 creatures vanquished.

Vanquished Creatures (others)
  2 draconian scorchers (D)
  6 hellions (D)
  2 yaktaurs (D)
10 creatures vanquished.

Grand Total: 77 creatures vanquished

Notes
Turn   | Place    | Note
-------+----------+-------------------------------------------
     0 | D        | Kidiri the Deep Elf Fire Elementalist began the quest for the Orb.
     0 | D        | Reached XP level 1. HP: 10/10 MP: 6/6
    21 | D        | Reached skill level 4 in Spellcasting
    52 | D        | Killed a yaktaur
    89 | D        | Killed a hellion
    89 | D        | Killed a hellion
   120 | D        | Killed a hellion
   121 | D        | Killed a hellion
   121 | D        | Killed a hellion
   122 | D        | Killed a hellion
   141 | D        | Noticed a wolf
   147 | D        | Killed a wolf
   147 | D        | Reached skill level 5 in Spellcasting
   147 | D        | Reached XP level 2. HP: 15/15 MP: 4/10
   151 | D        | Learned a level 2 spell: Throw Flame
   219 | D        | Reached skill level 6 in Spellcasting
   219 | D        | Reached XP level 3. HP: 12/19 MP: 0/13
   224 | D        | Learned a level 3 spell: Conjure Flame
   228 | D        | Learned a level 3 spell: Inner Flame
   285 | D        | Killed a white draconian scorcher
   312 | D        | Killed a white draconian scorcher
   323 | D        | Gained mutation: You are partially covered in yellow scales. (AC +2) [potion of mutation]
   323 | D        | Gained mutation: You have sharp toenails. [potion of mutation]
   324 | D        | Lost mutation: You have sharp toenails. [potion of mutation]
   324 | D        | Lost mutation: You are partially covered in yellow scales. (AC +2) [potion of mutation]
   324 | D        | Gained mutation: Your body sometimes deteriorates upon taking damage. [potion of mutation]
   324 | D        | Gained mutation: Your magical capacity is low. (-10% MP) [potion of mutation]
   324 | D        | Gained mutation: Your mind is acute. (Int +2) [potion of mutation]
   324 | D        | Gained mutation: Your mind is very acute. (Int +4) [potion of mutation]
   325 | D        | Lost mutation: Your mind is very acute. (Int +4) [potion of mutation]
   325 | D        | Lost mutation: Your magical capacity is low. (-10% MP) [potion of mutation]
   325 | D        | Gained mutation: Your body often deteriorates upon taking damage. [potion of mutation]
   325 | D        | Gained mutation: Your spells are a little easier to cast, but a little less powerful. [potion of mutation]
   325 | D        | Gained mutation: You have large cloven feet. [potion of mutation]
   326 | D        | Lost mutation: You have large cloven feet. [potion of mutation]
   326 | D        | Lost mutation: Your spells are a little easier to cast, but a little less powerful. [potion of mutation]
   326 | D        | Lost mutation: Your body often deteriorates upon taking damage. [potion of mutation]
   326 | D        | Gained mutation: You have large cloven feet. [potion of mutation]
   326 | D        | Gained mutation: You possess an exceptional clarity of mind. [potion of mutation]
   327 | D        | Lost mutation: You possess an exceptional clarity of mind. [potion of mutation]
   327 | D        | Lost mutation: Your mind is acute. (Int +2) [potion of mutation]
   327 | D        | Lost mutation: Your body sometimes deteriorates upon taking damage. [potion of mutation]
   327 | D        | Gained mutation: You tend to lose your temper in combat. [potion of mutation]
   327 | D        | Gained mutation: You are robust. (+10% HP) [potion of mutation]
   337 | D        | Noticed a water elemental
   340 | D        | Killed a water elemental
   340 | D        | Reached skill level 8 in Spellcasting
   340 | D        | Reached skill level 5 in Fire Magic
   340 | D        | Reached XP level 4. HP: 26/26 MP: 7/16
   347 | D        | Learned a level 4 spell: Sticky Flame
   393 | D        | Killed a yaktaur
   397 | D        | Found a radiant altar of Vehumet.
   398 | D        | Found a deep blue altar of Sif Muna.
   398 | D        | Found an ancient bone altar of Kikubaaqudgha.
   398 | D        | Noticed a wizard
   400 | D        | Killed a wizard
   400 | D        | Reached skill level 9 in Spellcasting
   400 | D        | Reached skill level 5 in Conjurations
   402 | D        | Reached XP level 5. HP: 30/30 MP: 3/19
   414 | D        | Learned a level 5 spell: Fireball
   419 | D        | Became a worshipper of Vehumet
   500 | D        | Found a glowing silver altar of Zin.
   501 | D        | Found a glowing golden altar of the Shining One.
   501 | D        | Found a white marble altar of Elyvilon.
   501 | D        | Noticed a deep elf mage
   529 | D        | Killed a deep elf mage
   529 | D        | Reached skill level 5 in Dodging
   529 | D        | Reached skill level 12 in Spellcasting
   529 | D        | Reached XP level 6. HP: 38/40 MP: 13/23
   529 | D        | Reached XP level 7. HP: 43/45 MP: 13/24
   586 | D        | Found a hide-covered altar of Uskayaw.
   586 | D        | Found a roughly hewn altar of Beogh.
   586 | D        | Found an iron altar of Okawaru.
   586 | D        | Found a bloodstained altar of Trog.
   586 | D        | Found an ornate altar of the Wu Jian Council.
   586 | D        | Noticed a human
   586 | D        | Noticed a human
   590 | D        | Killed a human
   590 | D        | Killed a human
   590 | D        | Reached * piety under Vehumet
   590 | D        | Offered knowledge of Sandblast by Vehumet.
   687 | D        | Found a basalt altar of Yredelemnul.
   687 | D        | Found a shadowy altar of Dithmenos.
   687 | D        | Found a sacrificial altar of Ru.
   697 | D        | Reached skill level 13 in Spellcasting
   870 | D        | Noticed a shadow
   872 | D        | Reached ** piety under Vehumet
   872 | D        | Offered knowledge of Throw Frost by Vehumet.
   873 | D        | Killed a shadow
   873 | D        | Reached skill level 5 in Short Blades
   873 | D        | Reached XP level 8. HP: 52/52 MP: 19/27
   876 | D        | Learned a level 2 spell: Throw Frost
   913 | D        | Found a blossoming altar of Fedhas.
   913 | D        | Found a stormy altar of Qazlal.
   913 | D        | Found a snail-covered altar of Cheibriados.
   913 | D        | Found a burning altar of Makhleb.
   913 | D        | Found a shimmering altar of Xom.
   914 | D        | Found a hazy altar of Hepliaklqana.
   914 | D        | Found an opulent altar of Gozag.
   914 | D        | Found a sparkling altar of Nemelex Xobeh.
   914 | D        | Found a corrupted altar of Lugonu.
   914 | D        | Found a viscous altar of Jiyva.
   934 | D        | Reached skill level 1 in Ice Magic
  1032 | D        | Offered knowledge of Mephitic Cloud by Vehumet.
  1037 | D        | Learned a level 3 spell: Mephitic Cloud
  1045 | D        | Noticed a two-headed ogre
  1050 | D        | Reached *** piety under Vehumet
  1107 | D        | Killed a two-headed ogre
  1107 | D        | Offered knowledge of Olgreb's Toxic Radiance by Vehumet.
  1107 | D        | Reached skill level 1 in Air Magic
  1107 | D        | Reached skill level 1 in Poison Magic
  1113 | D        | Learned a level 4 spell: Olgreb's Toxic Radiance
  1238 | D        | Noticed a two-headed ogre
  1238 | D        | Noticed Erolcha
  1244 | D        | Killed Erolcha
  1244 | D        | Reached skill level 5 in Fighting
  1244 | D        | Reached skill level 14 in Spellcasting
  1244 | D        | Reached XP level 9. HP: 46/59 MP: 13/29
  1247 | D        | Killed a two-headed ogre
  1247 | D        | Reached **** piety under Vehumet
  1247 | D        | Reached skill level 5 in Armour
  1321 | D        | Offered knowledge of Iskenderun's Battlesphere by Vehumet.
  1405 | D        | Noticed a queen bee
  1408 | D        | Reached ***** piety under Vehumet
  1411 | D        | Reached skill level 15 in Spellcasting
  1411 | D        | Killed a queen bee
  1412 | D        | Reached ****** piety under Vehumet
  1414 | D        | Reached skill level 10 in Fire Magic
  1418 | D        | Reached XP level 10. HP: 38/66 MP: 25/31
  1419 | D        | Reached skill level 5 in Ice Magic
  1508 | D        | Offered knowledge of Irradiate by Vehumet.
  1608 | D        | Reached skill level 5 in Poison Magic
  1676 | D        | Noticed a spiny frog
  1676 | D        | Noticed a spiny frog
  1679 | D        | Killed a spiny frog
  1681 | D        | Reached skill level 16 in Spellcasting
  1683 | D        | Killed a spiny frog
  1683 | D        | Reached skill level 5 in Air Magic
  1837 | D        | Reached skill level 10 in Conjurations
  1853 | D        | Offered knowledge of Bolt of Fire by Vehumet.
  1946 | D        | Noticed a lindwurm
  1953 | D        | Killed from afar by a lindwurm

Vault maps used:
D:        dungeon_sprint_mu

Skill      XL: |  1  2  3  4  5  6  7  8  9 10 |
---------------+-------------------------------+-----
Spellcasting   | 5 6 8 9 12 13 14 15 16 | 16.2
Conjurations   | 3 4 5 7 8 9 10 | 10.1
Fire Magic     | 4 5 6 7 8 9 10 | 10.6
Fighting       | 3 4 5 6 |  6.4
Short Blades   | 3 5 6 7 |  7.8
Armour         | 3 4 5 6 |  6.4
Dodging        | 5 6 7 8 9 |  9.7
Ice Magic      | 3 4 6 |  6.1
Air Magic      | 2 4 5 |  5.3
Poison Magic   | 2 4 5 |  5.8
Stealth        | |  2.4

Action                   |  1- 3 |  4- 6 |  7- 9 | 10-12 || total
-------------------------+-------+-------+-------+-------++-------
Melee: Unarmed           |     2 |       |       |       ||     2
       Long sword        |       |       |     4 |     1 ||     5
       Kick              |       |       |     2 |       ||     2
 Cast: Flame Tongue      |    21 |     3 |    60 |    36 ||   120
       Throw Flame       |     3 |       |     1 |       ||     4
       Conjure Flame     |     1 |       |     7 |     4 ||    12
       Sticky Flame      |       |     3 |     3 |     6 ||    12
       Fireball          |       |       |     3 |       ||     3
       Inner Flame       |       |       |     8 |     1 ||     9
       Mephitic Cloud    |       |       |     4 |       ||     4
       Olgreb's Toxic Ra |       |       |     3 |     3 ||     6
  Use: Potion            |     5 |     1 |       |       ||     6
       Scroll            |     2 |       |       |       ||     2
 Stab: Sleeping          |       |       |       |     1 ||     1
  Eat: Ration            |       |       |     1 |       ||     1
Armor: Robe              |     1 |       |     3 |       ||     4
Dodge: Dodged            |    10 |     2 |    25 |    11 ||    48
       Rpst.: Long sword |       |       |     7 |     1 ||     8

Table legend:
 A = Spawn XP
 B = Non-spawn XP
 C = Spawn XP percentage of total XP
 D = Spawn monster count
 E = Non-spawn monster count
 F = Spawn count percentage of total count
 G = Total turns spent on level
                    A         B        C        D         E        F      G
               +---------+---------+-------+---------+---------+-------+---------
         Total |       0 |    8992 |   0.0 |       0 |      67 |   0.0 |  1953
               +---------+---------+-------+---------+---------+-------+---------
             D |       0 |    8992 |   0.0 |       0 |      67 |   0.0 |  1953
               +---------+---------+-------+---------+---------+-------+---------
